 Dungeon Crawl Stone Soup version 0.28-a0-861-ge64d6db94f (webtiles) character file.

Game seed: 460000692867212105

79 siradein the Ducker (level 4, -1/34 HPs)
             Began as a Demonspawn Gladiator on Nov 16, 2021.
             Succumbed to Ijyb's poison
             ... on level 3 of the Dungeon.
             The game lasted 00:07:18 (1991 turns).

siradein the Ducker (Demonspawn Gladiator)          Turns: 1991, Time: 00:07:19

Health: -1/34      AC:  6    Str: 15    XL:     4   Next: 16%
Magic:  4/4        EV: 13    Int:  9    God:
Gold:   71         SH:  0    Dex: 15    Spells: 3/3 levels left

rFire   . . .      SeeInvis .   a - +0 long sword
rCold   . . .      Faith    .   (no shield)
rNeg    . . .      Spirit   .   l - +0 ring mail
rPois   .          Reflect  .   c - +0 helmet
rElec   .          Harm     .   (no cloak)
rCorr   .          Rampage  .   (no gloves)
Will    .....                   (no boots)
Stlth   +.........              g - amulet of regeneration
HPRegen 1.11/turn               (no ring)
MPRegen 0.09/turn               (no ring)

@: lethally poisoned (-1 -> -9)
A: repulsion field 1
a: no special abilities


You were on level 3 of the Dungeon.
You visited 1 branch of the dungeon, and saw 3 of its levels.

You collected 71 gold pieces.

Inventory:

Hand Weapons
 a - a +0 long sword (weapon)
Missiles
 d - 3 throwing nets
 f - 75 stones
 j - 12 poisoned darts (quivered)
 m - 4 silver javelins
 q - 3 boomerangs
Armour
 c - a +0 helmet (worn)
 l - a +0 ring mail (worn)
Jewellery
 g - an amulet of regeneration (around neck)
Scrolls
 h - a scroll of identify {unknown}
 i - a scroll of enchant weapon {unknown}
 n - 2 scrolls of teleportation {unknown}
 p - 2 scrolls of vulnerability {unknown}
 r - a scroll of enchant armour {unknown}
 s - a scroll of amnesia {unknown}
 u - a scroll of fog {unknown}
Potions
 b - a potion of heal wounds {unknown}
 e - a potion of resistance {unknown}
 k - a potion of magic {unknown}
 o - 3 potions of curing
 t - a potion of cancellation {unknown}


   Skills:
 + Level 2.8 Fighting
 + Level 3.2 Long Blades
 + Level 2.6 Throwing
 + Level 3.2 Dodging


You had 3 spell levels left.
You didn't know any spells.
Your spell library contained the following spells:

 Spells                   Type           Power      Damage    Failure   Level
 Passwall                 Tmut/Erth      0%         N/A       77%         2
 Swiftness                Air            0%         N/A       94%         3


Dungeon Overview and Level Annotations

Branches:
Dungeon (3/15)

Altars:

Shops:
D:1 =

Annotations:
D:3 Ijyb


Innate Abilities, Weirdness & Mutations

You are surrounded by a mild repulsion field. (EV +2)


Message History

Ijyb drinks a potion.
Ijyb is healed!
Ijyb looks more healthy.
You hit Ijyb but do no damage.
Ijyb hits you with a +2 dagger of venom.
You are poisoned.
You barely miss Ijyb.
You feel very sick. Ijyb closely misses you.
Your ring mail prevents you from hitting Ijyb.
You feel sick.
Ijyb hits you with a +2 dagger of venom.
You are more poisoned.
Ijyb misses you.
You hit Ijyb but do no damage.
You feel very sick. Ijyb barely misses you.
You closely miss Ijyb.
You feel very sick. Ijyb barely misses you.
You barely miss Ijyb.
You feel very sick. Ijyb closely misses you.
You miss Ijyb.
You feel sick.
Ijyb hits you with a +2 dagger of venom.
You are more poisoned.
Ijyb hits you with a +2 dagger of venom.
You are too injured to fight recklessly!
You barely miss Ijyb.
* * * LOW HITPOINT WARNING * * *
You feel very sick. Ijyb hits you but does no damage.
You are lethally poisoned!
You slash Ijyb!
Ijyb is heavily wounded.
* * * LOW HITPOINT WARNING * * *
You feel very sick.
Ijyb hits you with a +2 dagger of venom.
* * * LOW HITPOINT WARNING * * *
You hit Ijyb but do no damage.
Ijyb is heavily wounded.
You die...

### #.##.. ..# #.##.# #
#.# #.##.# .# #.#
#.##.##.# #.#
##.......###.
#.####............
#....#.###.###.###
###....#.# #.###.# #
##...[....# #@##..#
####....>....###g....####
'......................(+
####...#...#.####....####
# ##......#.###..#..#
#..###.#.........# #..#
#.#####.##### #... ..#
#.######## ##.##
#.........#


You could see Ijyb.

Vanquished Creatures
  A hound (D:3)
  An adder (D:3)
  A worm (D:3)
  3 bats
  3 endoplasms
  A giant cockroach (D:1)
  5 goblins (D:1)
  2 hobgoblins
  6 ball pythons
  3 frilled lizards
  A kobold (D:2)
  11 rats
38 creatures vanquished.

Notes
Turn   | Place    | Note
-------+----------+-------------------------------------------
     0 | D:1      | siradein the Demonspawn Gladiator began the quest for the
                  | Orb.
     0 | D:1      | Reached XP level 1. HP: 16/16 MP: 1/1
    25 | D:1      | Found Yhyjogig's Jewellery Boutique.
   290 | D:1      | Gained mutation: You are surrounded by a mild repulsion
                  | field. (EV +2) [demonic ancestry]
   290 | D:1      | Reached XP level 2. HP: 22/22 MP: 2/2
  1115 | D:2      | Found a faded altar of an unknown god.
  1701 | D:2      | Reached XP level 3. HP: 28/28 MP: 3/3
  1817 | D:3      | Reached XP level 4. HP: 34/34 MP: 4/4
  1955 | D:3      | Noticed Ijyb
  1991 | D:3      | Succumbed to Ijyb's poison

Illustrated notes

Levels and vault maps discovered:
D:1:      mrwooster_arrival_statue, layout_loops_corners, serial_shops,
          nicolae_square_shop
D:2:      layout_basic, nicolae_ecumenical_pavilion
D:3:      layout_loops_corners, hangedman_feature_mirror, uniq_terence,
          uniq_ijyb, uniq_robin, uniq_jessica, uniq_natasha

Skill      XL: |  1  2 |
---------------+-------+-----
Throwing       | 2 |  2.6
Dodging        | 3 |  3.2
Long Blades    | 3 |  3.2
Fighting       | |  2.8

Action                   |  1- 3 |  4- 6 || total
-------------------------+-------+-------++-------
Melee: Long sword        |    96 |    21 ||   117
Throw: Dart              |       |     4 ||     4
Armor: Leather armour    |     8 |       ||     8
       Ring mail         |    24 |     2 ||    26
Dodge: Dodged            |    87 |     7 ||    94

Table legend: (Time is in decaauts)
 A = Elapsed time spent in this place.
 B = Non-inter-level travel time spent in this place.
 C = Inter-level travel time spent in this place.
 D = Time resting spent in this place.
 E = Time spent auto-exploring this place.
 F = Levels seen in this place.
 G = Mean time per level.
                   A        B        C        D        E       F      G
               +--------+--------+--------+--------+--------+-----+--------+
         Total |   2020 |   1931 |     89 |      0 |   1507 |   3 |  673.3 |
       Dungeon |   2020 |   1931 |     89 |      0 |   1507 |   3 |  673.3 |
               +--------+--------+--------+--------+--------+-----+--------+

Top non-repeatable levels by time:
     D:1: 1128 daAuts
     D:2: 655 daAuts
     D:3: 237 daAuts
